 Dungeon Crawl Stone Soup version 0.22-a0-348-gd16d139 (webtiles) character file.

47 Firecrotchwizard the Ruffian (level 3, 0/36 HPs)
             Began as a Troll Monk on Apr 8, 2018.
             Slain by a gnoll
             ... wielding a +0 spear of piercing
              (1 damage)
             ... on level 2 of the Dungeon.
             The game lasted 00:00:57 (714 turns).

Firecrotchwizard the Ruffian (Troll Monk)            Turns: 714, Time: 00:00:57

Health: 0/36       AC:  5    Str: 19    XL:     3   Next: 48%
Magic:  2/2        EV: 11    Int:  6    God:
Gold:   59         SH:  0    Dex: 13    Spells: 2/2 levels left

rFire    . . .     SeeInvis .     - Unarmed
rCold    . . .     Gourm    +   (no shield)
rNeg     . . .     Faith    .   a - +0 robe
rPois    .         Spirit   .   (helmet restricted)
rElec    .         Reflect  .   (no cloak)
rCorr    .         Harm     .   (gloves unavailable)
MR       .....                  (boots unavailable)
Stlth    ++........             (no amulet)
HPRegen  0.52/turn              (no ring)
MPRegen  0.08/turn              (no ring)

@: no status effects
A: large, unfitting armour, claws 3, fast metabolism 3, gourmand, regeneration
1, shaggy fur 1, tough skin 2
a: no special abilities


You were on level 2 of the Dungeon.
You were completely stuffed.

You visited 1 branch of the dungeon, and saw 2 of its levels.

You collected 59 gold pieces.

Inventory:

Hand Weapons
 e - a cursed -1 whip
   (You found it on level 2 of the Dungeon)
Armour
 a - a +0 robe (worn)
Scrolls
 f - a scroll of enchant weapon {unknown}
Potions
 c - 4 potions of curing {unknown}
 d - a potion of berserk rage {unknown}
Comestibles
 b - 5 rations {@e1}


   Skills:
 + Level 2.8 Fighting
 + Level 2.8 Dodging
 + Level 1.3 Stealth
 + Level 3.4 Unarmed Combat


You had 2 spell levels left.
You didn't know any spells.

Dungeon Overview and Level Annotations

Branches:
Dungeon (2/15)

Altars:


Innate Abilities, Weirdness & Mutations

You are too large for most types of armour.
You have claws for hands.
Your metabolism is lightning-fast.
You like to eat raw meat.
Your natural rate of healing is unusually fast.
You are covered in fur. (AC +1)
You have very tough skin. (AC +2)


Message History

Done exploring.
No target in view!
Done exploring.
Done exploring.
(D) Dungeon
Where to? (? - help)
There is a stone staircase leading down here.
You climb downwards.
There is a stone staircase leading up here.
c - 4 golden potions (gained 1)
You open the door.
There is an open door here.
e - a glowing whip No target in view!
f - a scroll labeled BIUQOOM ZAELIO You open the door.
There is an open door here.
You see here a scale mail.
An adder and a dart slug come into view.
The adder hisses angrily.
You barely miss the adder. The adder closely misses you.
The adder barely misses you.
You scratch the adder but do no damage. The adder bites you.
You are poisoned.
The adder poisons you!
You take 1 damage, and have 28/29 hp.
You closely miss the adder.
You feel sick. The adder bites you but does no damage.
You scratch the adder but do no damage. The adder barely misses you.
You scratch the adder.
You feel sick. The adder bites you. x2
You take 5 damage, and have 23/29 hp.
You scratch the adder. The adder bites you but does no damage.
You claw the adder!
You kill the adder!
You claw the dart slug!
You feel sick. The dart slug closely misses you.
You scratch the dart slug.
You kill the dart slug!
No target in view!
You start resting.
You feel sick. x4
You are no longer poisoned.
You regained 3 hp, and now have 26/29 hp.
You butcher the adder corpse.
g - 2 chunks of flesh {@w0} Eating one of 2 chunks of flesh {@w0}.
You eat one of the 2 chunks of flesh {@w0}.
This raw flesh tastes great.
Eating a chunk of flesh {@w0}.
You eat the chunk of flesh {@w0}.
This raw flesh tastes great.
Found a stone staircase leading up.
Health restored: 29
Found a stone staircase leading down.
A hobgoblin comes into view.
There is a stone staircase leading down here.
The hobgoblin shouts!
You hear a shout!
You closely miss the hobgoblin. The hobgoblin closely misses you.
You claw the hobgoblin!
You kill the hobgoblin!
A gnoll comes into view. It is wielding a halberd.
A gnoll comes into view. It is wielding a spear.
There are monsters nearby!
The gnoll shouts!
You claw the gnoll! The gnoll closely misses you.
The gnoll hits you from afar with a spear!
You take 7 damage, and have 22/29 hp.
MASSIVE DAMAGE!!
You scratch the gnoll.
You kill the gnoll!
You have reached level 3!
Your experience leads to an increase in your attributes!
Increase (S)trength, (I)ntelligence, or (D)exterity?
You feel agile.
You feel stronger. The gnoll closely misses you.
You regained 6 hp, and now have 28/36 hp.
MP restored: 2 A gnoll and a kobold come into view.
The gnoll is wielding a spear of piercing.
The gnoll shouts!
The gnoll misses you.
You scratch the gnoll. The gnoll hits you with a spear!
You take 11 damage, and have 17/36 hp.
MASSIVE DAMAGE!!
You scratch the gnoll.
The gnoll hits you from afar with a spear of piercing.
The gnoll hits you but does no damage.
You take 5 damage, and have 12/36 hp.
You barely miss the gnoll.
The gnoll hits you from afar with a spear of piercing.
The gnoll barely misses you.
You take 1 damage, and have 11/36 hp.
You closely miss the gnoll.
The gnoll hits you from afar with a spear of piercing.
* * * LOW HITPOINT WARNING * * *
x2 The gnoll hits you but does no damage.
You take 6 damage, and have 5/36 hp.
You scratch the gnoll.
You kill the gnoll!
The gnoll hits you from afar with a spear of piercing.
* * * LOW HITPOINT WARNING * * *
You die...

##...## ####
##.######...#
#....>..#
#.####.##
##+####.## .
.........####...
................
..##..##.)##...
##..@.## .
##.)## #Kg# #..#
.... .....
###..# #..#


You could see a gnoll and a kobold.

Vanquished Creatures
  2 gnolls (D:2)
  An adder (D:2)
  A dart slug (D:2)
  2 leopard geckos (D:1)
  2 giant cockroaches (D:1)
  3 hobgoblins
  2 bats (D:1)
  A frilled lizard (D:1)
  2 kobolds (D:1)
  A rat (D:1)
17 creatures vanquished.

Notes
Turn   | Place    | Note
-------+----------+-------------------------------------------
     0 | D:1      | Firecrotchwizard the Troll Monk began the quest for the Orb.
     0 | D:1      | Reached XP level 1. HP: 22/22 MP: 0/0
   271 | D:1      | Reached XP level 2. HP: 29/29 MP: 1/1
   708 | D:2      | Reached XP level 3. HP: 27/36 MP: 2/2
   713 | D:2      | HP: 7/36 [gnoll/spear of piercing (4)]
   714 | D:2      | HP: 1/36 [gnoll/spear of piercing (5)]
   714 | D:2      | Slain by a gnoll

Vault maps used:
D:1:      minmay_arrival_split_and_join, serial_glass, glass_columns_a,
          glass_columns_a, feat_on_display, feat_on_display,
          due_unseen_surprise, minmay_strange_pillars
D:2:      lemuel_round_altar, first_ration, palyth_stone_intersect

Action                   || total
-------------------------++-------
Melee: Unarmed           ||    47
       Punch             ||     1
  Eat: Chunk             ||    12
Armor: Robe              ||    19
Dodge: Dodged            ||    22

Table legend:
 A = Spawn XP
 B = Non-spawn XP
 C = Spawn XP percentage of total XP
 D = Spawn monster count
 E = Non-spawn monster count
 F = Spawn count percentage of total count
 G = Total turns spent on level
                    A         B        C        D         E        F      G
               +---------+---------+-------+---------+---------+-------+---------
         Total |       0 |      68 |   0.0 |       0 |      17 |   0.0 |   714
               +---------+---------+-------+---------+---------+-------+---------
           D:1 |       0 |      21 |   0.0 |       0 |      12 |   0.0 |   608
           D:2 |       0 |      47 |   0.0 |       0 |       5 |   0.0 |   106
               +---------+---------+-------+---------+---------+-------+---------

Vault maps used:
D:1:      minmay_arrival_split_and_join, serial_glass, glass_columns_a,
          glass_columns_a, feat_on_display, feat_on_display,
          due_unseen_surprise, minmay_strange_pillars
D:2:      lemuel_round_altar, first_ration, palyth_stone_intersect

Table legend:
 A = Turns spent in this place as a percentage of turns spent in the entire game.
 B = Non-inter-level travel turns spent in this place as a percentage of non-inter-level travel turns spent in the entire game.
 C = Inter-level travel turns spent in this place as a percentage of turns spent in this place.
 D = Turns resting spent in this place as a percentage of non-inter-level travel turns spent in this place.
 E = Turns spent auto-exploring this place as a percentage of non-inter-level travel turns spent in this place.
 F = Non-inter-level travel turns spent in this place divided by the number of levels of this place that you've seen.
                   A       B       C       D       E      F
               +-------+-------+-------+-------+-------+----------------------
         Total | 100.0 | 100.0 |   2.2 |   3.9 |  81.9 | 349.0
       Dungeon | 100.0 | 100.0 |   2.2 |   3.9 |  81.9 | 349.0
               +-------+-------+-------+-------+-------+----------------------

Table legend:
 A = Kills in this place as a percentage of kills in entire the game.
 B = Kills by you in this place as a percentage of kills by you in the entire game.
 C = Kills by friends in this place as a percentage of kills by friends in the entire game.
 D = Other kills in this place as a percentage of other kills in the entire game.
 E = Experience gained in this place as a percentage of experience gained in the entire game.
 F = Experience gained in this place divided by the number of levels of this place that you have seen.
                   A       B       C       D       E      F
               +-------+-------+-------+-------+-------+----------------------
         Total | 100.0 | 100.0 |   N/A |   N/A | 100.0 |  34.0
       Dungeon | 100.0 | 100.0 |   N/A |   N/A | 100.0 |  34.0
               +-------+-------+-------+-------+-------+----------------------
